 Dungeon Crawl Stone Soup version 0.23-a0-650-ga4d50d4 (webtiles) character file.

17846 Lilu the Cleaver (level 12, -1/110 HPs)
             Began as a Minotaur Fighter on Jan 4, 2019.
             Was a High Priest of Okawaru.
             Slain by a 14-headed hydra (5 damage)
             ... on level 2 of the Lair of Beasts.
             The game lasted 00:32:12 (11956 turns).

Lilu the Cleaver (Minotaur Fighter)                Turns: 11956, Time: 00:32:13

Health: -1/110     AC: 23    Str: 24    XL:     12   Next: 22%
Magic:  14/14      EV:  2    Int:  6    God:    Okawaru [*****.]
Gold:   718        SH:  0    Dex: 11    Spells: 11/11 levels left

rFire    + . .     SeeInvis .   N - +10 hand axe "Coebuph" {freeze, rN+}
rCold    . . .     Gourm    .   c - +0 shield
rNeg     + + +     Faith    .   y - +1 chain mail {rF+}
rPois    ∞         Spirit   .   (helmet restricted)
rElec    .         Reflect  .   j - +1 cloak
rCorr    .         Harm     .   (no gloves)
MR       .....                  (no boots)
Stlth    ..........             a - amulet of rage
HPRegen  0.28/turn              M - ring of poison resistance
MPRegen  0.14/turn              w - +6 ring of protection

@: petrified, heroism
A: retaliatory headbutt, horns 2
a: Heroism, Finesse, Renounce Religion, Evoke Berserk Rage


You were on level 2 of the Lair of Beasts.
You worshipped Okawaru.
Okawaru was extremely pleased with you.
You were not hungry.

You visited 3 branches of the dungeon, and saw 14 of its levels.

You collected 718 gold pieces.

Inventory:

Hand Weapons
 N - the +10 hand axe "Coebuph" (weapon) {freeze, rN+}
   (You found it on level 11 of the Dungeon)

   It has been specially enchanted to freeze those struck by it, causing extra
   injury to most foes and up to half again as much damage against particularly
   susceptible opponents.
   It can also slow down cold-blooded creatures.
   It protects you from negative energy.
Missiles
 m - a throwing net (quivered)
Armour
 c - a +0 shield (worn)
 j - a +1 cloak (worn)
 l - a +2 ring mail of poison resistance
 y - a +1 chain mail of fire resistance (worn)
 L - a scarf of cloud immunity
Jewellery
 a - an amulet of rage (around neck)
 h - an uncursed ring of positive energy
 w - a +6 ring of protection (right hand)
 M - a ring of poison resistance (left hand)
 O - an uncursed ring of protection from magic
Wands
 d - a wand of polymorph (8)
 s - a wand of iceblast (18)
 t - a wand of scattershot (4)
 x - a wand of acid (7)
Scrolls
 g - 3 scrolls of teleportation
 k - 3 scrolls of magic mapping
 o - 3 scrolls of enchant armour
 q - 3 scrolls of remove curse
 v - 6 scrolls of immolation
Potions
 n - 2 potions of lignification
 p - 7 potions of curing
 r - a potion of ambrosia
 A - 2 potions of haste
 B - 3 potions of magic
 D - 2 potions of cancellation
 E - 5 potions of heal wounds
 I - a potion of agility {unknown}
 K - a potion of might
Miscellaneous
 b - a phial of floods
 F - a sack of spiders
Comestibles
 f - 27 rations
 i - 4 chunks of flesh


   Skills:
 + Level 11.5(16.5) Fighting
 + Level 11.9(16.9) Axes
 + Level 11.7(16.7) Armour
 + Level 4.5(9.5) Dodging
 + Level 11.6(16.6) Shields
 + Level 4.7 Invocations
 + Level 2.0 Evocations


You had 11 spell levels left.
You didn't know any spells.
Your spell library contained the following spells:

 Spells                   Type           Power        Failure   Level  Hunger
 Animate Skeleton         Necr           N/A          88%         1    ##.....
 Apportation              Tloc           #.....       88%         1    ##.....
 Confusing Touch          Hex            #.....       88%         1    ##.....
 Summon Small Mammal      Summ           #...         88%         1    ##.....
 Bolt of Magma            Conj/Fire/Erth #.........   100%        5    ######.
 Iskenderun's Battlesphe  Conj/Chrm      #.......     100%        5    ######.
 Venom Bolt               Conj/Pois      #.........   100%        5    ######.
 Iron Shot                Conj/Erth      #.........   100%        6    #######
 Orb of Destruction       Conj           #.........   100%        7    #######
 Spellforged Servitor     Conj/Summ      #.........   100%        7    #######


Dungeon Overview and Level Annotations

Branches:
Dungeon (11/15)            Temple (1/1) D:6            Lair (2/6) D:11
    Orc (0/2) D:9
  Swamp: Lair:2-4    Shoals: Lair:2-4     Snake: Lair:2-4    Spider: Lair:2-4

Altars:
Ashenzari
Cheibriados
Dithmenos
Elyvilon
Fedhas
Gozag
Hepliaklqana
Kikubaaqudgha
Makhleb
Nemelex Xobeh
Okawaru
Qazlal
Ru
Sif Muna
Trog
Uskayaw
Vehumet
Wu Jian
Xom
Yredelemnul
Zin
The Shining One

Shops:
D:5 [   D:6 *

Annotations:
D:9 2 transporters
D:11 3 runed doors
Lair:1 exclusion: 3 oklob plants


Innate Abilities, Weirdness & Mutations

You reflexively headbutt those who attack you in melee.
You have a pair of horns on your head.


Message History

The 14-headed hydra bites you!
* * * LOW HITPOINT WARNING * * *
The 14-headed hydra bites you.
The 14-headed hydra bites you but does no damage. x3
The 14-headed hydra bites you.
The 14-headed hydra bites you but does no damage. x6
The 14-headed hydra bites you!
* * * LOW HITPOINT WARNING * * *
The seven-headed hydra bites you!
* * * LOW HITPOINT WARNING * * *
The seven-headed hydra bites you but does no damage.
The seven-headed hydra barely misses you.
The seven-headed hydra bites you but does no damage.
The seven-headed hydra bites you!
* * * LOW HITPOINT WARNING * * *
The seven-headed hydra bites you but does no damage. x2
The water moccasin bites you. The 14-headed hydra bites you!
* * * LOW HITPOINT WARNING * * *
The 14-headed hydra bites you!
You die...

##....................
#..............#......
#..#..$...##.#.####....
...#.P.##.†######
#..### # #.P. ##.# #.#
#### #... #.##P.#
#..#.###....P#
##..###D.....P##.
#.....@Dl.........
#.#....S..........
#................
...................
....###............
...# ##........... ..#
........... .P
............


You could see a 14-headed hydra, a seven-headed hydra, a basilisk and a water
moccasin.

Vanquished Creatures
  An ogre mage (D:11)
  The ghost of Ibenipuf the Devastator, a journeyman DECj of Sif Muna (Lair:2)
  5 two-headed ogres
  A cyclops (D:11)
  A deep elf mage (D:10)
  An oklob plant (Lair:1)
  A black mamba (Lair:1)
  A gargoyle (D:11)
  A spiny frog (Lair:1)
  A komodo dragon (Lair:1)
  2 trolls
  A polar bear (Lair:2)
  2 hippogriffs
  A wraith (D:10)
  A wyvern (D:10)
  4 hogs (D:7)
  17 yaks
  A human (D:7)
  4 hungry ghosts
  Grum (D:8)
  A two-headed ogre zombie (D:9)
  Edmund (D:6)
  2 water moccasins (Lair:1)
  3 orc warriors
  A black bear (D:8)
  3 porcupines (Lair:2)
  A sky beast (D:7)
  An ice beast (D:11)
  5 ogres
  3 necrophages
  An eye of draining (D:8)
  3 wolves (D:8)
  3 centaurs
  A big kobold (D:8)
  8 bullfrogs
  5 crocodiles
  A water moccasin zombie (D:9)
  2 troll zombies (D:9)
  2 scorpions
  3 killer bees (D:10)
  6 wights
  The ghost of Borgoz the Cutter, a weakling KoBe of Trog (D:4)
  4 crimson imps
  4 jellies
  2 centaur zombies
  6 hounds
  3 orc wizards
  5 orc priests
  3 bullfrog skeletons
  A centaur skeleton (D:8)
  5 iguanas
  9 worker ants
  5 ogre zombies (D:9)
  A hound zombie (D:9)
  A hound skeleton (D:9)
  2 worker ant zombies
  13 adders
  2 oozes
  3 worms
  6 leopard geckos
  16 orcs
  4 ball pythons
  7 bats
  7 giant cockroaches
  6 goblins
  4 hobgoblins
  9 jackals
  5 quokkas
  2 frilled lizards
  A goblin skeleton (D:9)
  2 goblin zombies (D:9)
  2 hobgoblin skeletons (D:9)
  4 hobgoblin zombies (D:9)
  6 kobolds
  3 orc skeletons (D:9)
  13 orc zombies (D:9)
  10 rats
  2 plants
283 creatures vanquished.

Vanquished Creatures (others)
  A plant (Lair:1)
1 creature vanquished.

Grand Total: 284 creatures vanquished

Notes
Turn   | Place    | Note
-------+----------+-------------------------------------------
     0 | D:1      | Lilu the Minotaur Fighter began the quest for the Orb.
     0 | D:1      | Reached XP level 1. HP: 19/19 MP: 0/0
   178 | D:1      | Reached XP level 2. HP: 25/27 MP: 1/1
   786 | D:1      | Reached XP level 3. HP: 11/33 MP: 2/2
  1316 | D:2      | Noticed a moth of wrath
  1319 | D:2      | Found a bloodstained altar of Trog.
  1461 | D:2      | Reached XP level 4. HP: 40/40 MP: 3/3
  1845 | D:3      | Found a transporter.
  1862 | D:3      | Found a transporter.
  1923 | D:3      | Got an ichor-stained short sword
  1933 | D:3      | Identified the +7 short sword "Aptaxzof" {pain, MR++} (You
                  | found it on level 3 of the Dungeon)
  2349 | D:4      | Found a runed door.
  2349 | D:4      | Noticed a bullfrog
  2360 | D:4      | Noticed Borgoz's ghost (weakling KoBe)
  2494 | D:4      | Reached XP level 5. HP: 46/47 MP: 4/4
  3022 | D:4      | Reached skill level 5 in Axes
  3026 | D:4      | Killed Borgoz's ghost
  3026 | D:4      | Reached skill level 5 in Armour
  3026 | D:4      | Reached XP level 6. HP: 45/55 MP: 5/5
  3131 | D:5      | Entered Level 5 of the Dungeon
  3236 | D:5      | Reached skill level 5 in Fighting
  3236 | D:5      | Reached skill level 5 in Shields
  3397 | D:5      | Found Qoilayn's Antique Armour Shoppe.
  3689 | D:6      | Reached XP level 7. HP: 61/61 MP: 6/6
  3774 | D:6      | Noticed Edmund
  3970 | D:6      | Found Noaxt's Assorted Antiques.
  4002 | D:6      | Killed Edmund
  4405 | D:6      | Found a staircase to the Ecumenical Temple.
  4415 | Temple   | Entered the Ecumenical Temple
  4494 | Temple   | Became a worshipper of Warmaster Okawaru
  4898 | D:6      | Reached XP level 8. HP: 66/71 MP: 7/7
  5039 | D:7      | Reached * piety under Okawaru
  5325 | D:7      | Reached skill level 1 in Invocations
  5733 | D:7      | Reached ** piety under Okawaru
  5814 | D:7      | Reached XP level 9. HP: 50/79 MP: 9/9
  6371 | D:8      | Reached *** piety under Okawaru
  6381 | D:8      | Noticed Grum
  6621 | D:8      | Killed Grum
  7257 | D:9      | Reached XP level 10. HP: 59/91 MP: 10/10
  7422 | D:9      | Found a staircase to the Orcish Mines.
  7702 | D:9      | Found a transporter.
  7704 | D:9      | Noticed a yaktaur captain
  7706 | D:9      | Noticed a moth of wrath
  7712 | D:9      | Found a transporter.
  7714 | D:9      | Noticed a white ugly thing
  7724 | D:9      | a moth of wrath changed into a komodo dragon
  7725 | D:9      | Noticed a moth of wrath
  7725 | D:9      | a komodo dragon changed into a moth of wrath
  7727 | D:9      | Noticed a torpor snail
  7727 | D:9      | a moth of wrath changed into a torpor snail
  7923 | D:9      | Noticed a two-headed ogre
  7973 | D:9      | Killed a two-headed ogre
  7973 | D:9      | Reached **** piety under Okawaru
  7973 | D:9      | Reached skill level 10 in Axes
  8262 | D:9      | Noticed a spark wasp
  8268 | D:9      | Noticed an elephant
  8569 | D:10     | Entered Level 10 of the Dungeon
  8608 | D:10     | Reached skill level 10 in Armour
  8913 | D:10     | Reached skill level 10 in Shields
  8922 | D:10     | Reached ***** piety under Okawaru
  8922 | D:10     | Reached skill level 10 in Fighting
  8945 | D:10     | Received a gift from Okawaru
  9298 | D:10     | Noticed a two-headed ogre
  9305 | D:10     | Killed a two-headed ogre
  9305 | D:10     | Reached XP level 11. HP: 101/101 MP: 11/11
  9492 | D:10     | Noticed a deep elf mage
  9501 | D:10     | Killed a deep elf mage
  9741 | D:11     | Reached skill level 1 in Dodging
  9743 | D:11     | Received a gift from Okawaru
  9774 | D:11     | Noticed a two-headed ogre
  9784 | D:11     | Killed a two-headed ogre
  9803 | D:11     | Got an ichor-stained hand axe
  9811 | D:11     | Identified the +10 hand axe "Coebuph" {freeze, rN+} (You
                  | found it on level 11 of the Dungeon)
  9816 | D:11     | Found a staircase to the Lair.
 10161 | D:11     | Found a runed gate.
 10162 | D:11     | Found a runed gate.
 10162 | D:11     | Found a runed gate.
 10164 | D:11     | Noticed a white ugly thing
 10168 | D:11     | Noticed a cyan ugly thing
 10171 | D:11     | Noticed a red ugly thing
 10195 | D:11     | Noticed a two-headed ogre
 10195 | D:11     | Noticed an ogre mage
 10197 | D:11     | Noticed a two-headed ogre
 10201 | D:11     | Paralysed by an ogre mage for 5 turns
 10208 | D:11     | Killed an ogre mage
 10209 | D:11     | Killed a two-headed ogre
 10211 | D:11     | Killed a two-headed ogre
 10315 | D:11     | Found a sacrificial altar of Ru.
 10566 | Lair:1   | Entered Level 1 of the Lair of Beasts
 10752 | Lair:1   | Noticed an oklob plant
 10764 | Lair:1   | Noticed an oklob plant
 11062 | Lair:1   | Received a gift from Okawaru
 11082 | Lair:1   | Reached skill level 1 in Evocations
 11442 | Lair:1   | Noticed an oklob plant
 11442 | Lair:1   | Noticed an oklob plant
 11526 | Lair:1   | Killed an oklob plant
 11526 | Lair:1   | Reached XP level 12. HP: 89/110 MP: 11/14
 11811 | Lair:2   | Noticed Ibenipuf's ghost (journeyman DECj)
 11813 | Lair:2   | Found a runed door.
 11879 | Lair:2   | Killed Ibenipuf's ghost
 11924 | Lair:2   | Noticed an eight-headed hydra
 11943 | Lair:2   | Noticed a seven-headed hydra
 11956 | Lair:2   | HP: 4/110 [14-headed hydra (5)]
 11956 | Lair:2   | Slain by a 14-headed hydra

Vault maps used:
D:1:      psy_arrival_dodecagon
D:2:      tgw_trog
D:3:      gammafunk_wand_slinger
D:4:      ebering_ghost_sewer_d, bh_walls_and_bars
D:5:      serial_shops, nicolae_shop_overgrown_old_shop, first_ration
D:6:      temple_fountains, serial_shops, shop, uniq_edmund
D:7:      minmay_inner_zag, grunt_livestock
D:8:      uniq_grum
D:9:      gammafunk_sealed_arena, zombieorc2_lemuel, serial_rivers,
          chequers_serial_rivers_micro_e, chequers_serial_rivers_micro_a,
          chequers_serial_rivers_large_b, chequers_serial_rivers_room_b,
          chequers_serial_rivers_small_a, minmay_mirror_moons_of_madness
D:11:     lair_entry_dummy, basic_altar,
          ploomutoo_gammafunk_ghost_potion_laboratory, fountainhead, st_stairs_9
Temple:   compressed_dpeg_triangle_lava_temple
Lair:1:   minmay_lair_oklob_chamber
Lair:2:   beast_lair_carwin_large_4, hellmonk_ghost_happy_afterlife

Skill      XL: |  1  2  3  4  5  6  7  8  9 10 11 12 |
---------------+-------------------------------------+-----
Armour         | 4 5 6 7 9 10 11 | 11.7
Fighting       | 4 5 6 7 9 10 11 | 11.5
Axes           | 3 4 5 6 8 9 10 11 | 11.9
Shields        | 4 5 6 7 9 10 11 | 11.6
Invocations    | 2 4 |  4.7
Dodging        | 4 |  4.5
Evocations     | 1 2 |  2.0

Action                   |  1- 3 |  4- 6 |  7- 9 | 10-12 || total
-------------------------+-------+-------+-------+-------++-------
Melee: War axe           |    86 |    99 |   338 |   137 ||   660
       Headbutt          |     6 |    16 |    66 |    82 ||   170
       Short sword       |       |    17 |       |       ||    17
       Broad axe         |       |       |       |    53 ||    53
       Hand axe          |       |       |       |   197 ||   197
Invok: Heroism           |       |       |     1 |    10 ||    11
       Finesse           |       |       |       |     2 ||     2
 Abil: Evoke Berserk Rag |       |       |       |     2 ||     2
  Use: Scroll            |       |     2 |    12 |     4 ||    18
       Potion            |       |       |     1 |     2 ||     3
  Eat: Chunk             |     2 |     7 |    13 |    17 ||    39
       Ration            |       |       |       |     2 ||     2
Armor: Scale mail        |    27 |    12 |       |       ||    39
       Ring mail         |       |    41 |   169 |    48 ||   258
       Chain mail        |       |       |       |   214 ||   214
Dodge: Dodged            |    29 |    24 |    98 |   155 ||   306
Block: Shield            |    50 |    56 |   168 |   263 ||   537

Table legend:
 A = Non-vault XP
 B = Vault XP
 C = Vault XP percentage of total XP
 D = Non-vault monster count
 E = Vault monster count
 F = Vault count percentage of total count
                 A         B        C        D         E       F
            +---------+---------+-------+---------+---------+-------
      Total |   18984 |    6511 |  25.5 |     207 |      74 |  26.3
            +---------+---------+-------+---------+---------+-------
        D:1 |      44 |       0 |   0.0 |      18 |       0 |   0.0
        D:2 |      61 |       9 |  12.9 |      18 |       5 |  21.7
        D:3 |      57 |       0 |   0.0 |       8 |       0 |   0.0
        D:4 |      75 |     180 |  70.6 |      13 |       4 |  23.5
        D:5 |     298 |       0 |   0.0 |      10 |       0 |   0.0
        D:6 |     638 |     164 |  20.4 |      13 |       1 |   7.1
        D:7 |     804 |    1268 |  61.2 |      20 |      11 |  35.5
        D:8 |    1044 |     534 |  33.8 |      24 |       4 |  14.3
        D:9 |     406 |    1986 |  83.0 |       6 |      42 |  87.5
       D:10 |    5106 |       0 |   0.0 |      30 |       0 |   0.0
       D:11 |    6121 |     633 |   9.4 |      26 |       2 |   7.1
     Lair:1 |    1966 |     642 |  24.6 |       8 |       2 |  20.0
     Lair:2 |    2364 |    1095 |  31.7 |      13 |       3 |  18.8
            +---------+---------+-------+---------+---------+-------
